AoeStats
← the farmer

QS Arena

503199031Analyzed
1v1 RM · 11d ago on Aug 30, 2026· 47m 57s· 2 players
Game mode
Random Map
Map size
Tiny (2 player)
Population
200
Speed
Normal
Resources
Standard
Victory
Conquest
Starting age
Dark Age
Ending age
Imperial Age
RankedLock teamsTeams togetherTeam positionsShared explorationLock speedFull tech treeHidden civsTurbo modeCheats
Victory
Defeat
🇺🇸 Khmer · United States
995
+17
🇨🇱 Bohemians · Chile
1008
-32
the farmer
8:08 Feudal Age
11:31 Castle Age
9:39 Horse Collar
9:59 Double-Bit Axe
14:38 Bloodlines
16:26 Heavy Plow
18:41 Bow Saw
18:56 Gold Mining
19:00 Stone Mining
20:58 Stone Shaft Mining
21:04 Gold Mining
21:52 Scale Barding Armor
22:44 Gold Shaft Mining
21:58 Loom
23:15 Wheelbarrow
22:54 Town Watch
23:37 Forging
23:33 Husbandry
24:35 Chain Barding Armor
26:40 Iron Casting
26:37 Ballistics
29:51 Imperial Age
27:24 Fletching
28:25 Hand Cart
28:25 Bodkin Arrow
29:07 Murder Holes
30:03 Capped Ram
30:51 Siege Engineers
31:53 Double Crossbow
33:19 Chemistry
32:21 Bracer
32:56 Conscription
33:05 Masonry
34:12 Redemption
33:31 Siege Ram
35:07 Heavy Scorpion
36:23 Fortified Wall
36:50 Plate Barding Armor
38:35 Crop Rotation
38:11 Padded Archer Armor
38:43 Architecture
39:19 Hoardings
39:33 Leather Archer Armor
38:47 Cavalier
41:20 Ring Archer Armor
41:55 Sanctity
42:58 Blast Furnace
42:08 Town Patrol
44:44 Light Cavalry
45:45 Hussar
elias2025chatgpt
8:37 Feudal Age
12:18 Castle Age
10:35 Double-Bit Axe
11:10 Loom
13:26 Wheelbarrow
13:21 Bow Saw
13:47 Horse Collar
21:26 Hand Cart
21:09 Town Watch
23:19 Town Patrol
23:09 Pikeman
23:49 Squires
28:01 Imperial Age
26:07 Scale Mail Armor
26:18 Forging
28:27 Chain Mail Armor
28:47 Iron Casting
28:03 Fletching
28:15 Padded Archer Armor
29:38 Chemistry
29:51 Ballistics
30:19 Houfnice
31:53 Halberdier
32:56 Wagenburg Tactics
40:33 Elite Skirmisher
45:16 Plate Mail Armor
45:46 Blast Furnace
44:41 Bodkin Arrow
45:02 Leather Archer Armor
Connection lost

Rejoining the realm…

Still unreachable

The connection could not be restored.

Session expired

The server has moved on; the page needs a fresh start.